 Dungeon Crawl Stone Soup version 0.21.1-1-g345015f (webtiles) character file.

121 Krilegs the Slinger (level 5, -1/34 HPs)
             Began as a Halfling Hunter on May 8, 2018.
             Killed from afar by Natasha (7 damage)
             ... with a magic dart
             ... on level 3 of the Dungeon.
             The game lasted 00:03:46 (1407 turns).

Krilegs the Slinger (Halfling Hunter)               Turns: 1407, Time: 00:03:47

Health: -1/34      AC:  7    Str: 11 (13) XL:     5   Next: 26%
Magic:  5/5        EV: 20    Int:  7 (9)  God:
Gold:   89         SH:  0    Dex: 14 (16) Spells: 4/4 levels left

rFire    + + .     SeeInvis .   (weapon currently unavailable)
rCold    + + .     Gourm    .   (shield currently unavailable)
rNeg     + + +     Faith    .   (armour currently unavailable)
rPois    ∞         Spirit   .   (helmet currently unavailable)
rElec    +         Reflect  .   (cloak currently unavailable)
rCorr    +         Harm     .   (gloves currently unavailable)
MR       .....                  (boots currently unavailable)
Stlth    ++........             (amulet currently unavailable)
HPRegen  0.11/turn              (ring currently unavailable)
MPRegen  0.09/turn              (ring currently unavailable)

@: wisp-form, flying, quick
A: tiny, mutation resistance 1
a: no special abilities


You were on level 3 of the Dungeon.
You were not hungry.
You were an insubstantial wisp.
You visited 1 branch of the dungeon, and saw 3 of its levels.

You collected 89 gold pieces.

Inventory:

Hand Weapons
 a - a +1 hunting sling (melded)
 b - a +0 short sword
Missiles
 k - 25 stones (quivered)
Armour
 c - a +0 leather armour (melded)
Jewellery
 g - a ring of see invisible (melded)
 m - a cursed ring of teleportation (melded)
Scrolls
 h - a scroll of teleportation
 i - a scroll of immolation {unknown}
 j - a scroll of noise {unknown}
 l - 2 scrolls of identify
Potions
 e - 3 potions of lignification
Comestibles
 f - 5 rations


   Skills:
 + Level 2.1 Fighting
 + Level 8.2 Slings
 + Level 1.3 Armour
 + Level 2.5 Dodging
 + Level 1.3 Stealth


You had 4 spell levels left.
You didn't know any spells.

Dungeon Overview and Level Annotations

Branches:
Dungeon (3/15)

Altars:

Annotations:
D:3 Natasha


Innate Abilities, Weirdness & Mutations

You are small and have problems with some larger weapons.
You are somewhat resistant to further mutation.


Message History

Natasha hisses angrily.
Natasha zaps a wand.
You turn into an insubstantial wisp.
Your +1 hunting sling melds into your body.
Your +0 leather armour melds into your body.
Your ring of see invisible melds into your body.
Your cursed ring of teleportation melds into your body.
It is a wand of polymorph (8).
You can't do that in your present form.
Natasha zaps a wand.
An ooze comes into view.
You can't do that in your present form.
Found 2 gold pieces.
A kobold comes into view.
You can't do that in your present form.
Unknown command.
You can't do that in your present form.
Unknown command.
Natasha casts a spell at you. The magic dart hits you!
You die...

..# .. #.# .J. #.#
...## #.#### #.h(.
.....# ..((..#.##$#
.(# #.#.##.# # (#
#...##.#######.##### #
#..#...h......v..K....
# ##.##.#########.###
##.#.# # ##.. # ###.
.# .# #.# # .# #


You could see Natasha and a kobold (wandering).

Vanquished Creatures
  Terence (D:2)
  Natasha (twice) (D:3)
  An adder (D:2)
  A leopard gecko (D:2)
  An orc (D:3)
  3 bats (D:2)
  3 giant cockroaches
  6 hobgoblins
  2 jackals (D:3)
  7 goblins
  4 kobolds
  3 rats
34 creatures vanquished.

Notes
Turn   | Place    | Note
-------+----------+-------------------------------------------
     0 | D:1      | Krilegs the Halfling Hunter began the quest for the Orb.
     0 | D:1      | Reached XP level 1. HP: 14/14 MP: 1/1
   200 | D:1      | Reached skill level 6 in Slings
   201 | D:1      | Reached XP level 2. HP: 19/19 MP: 2/2
   681 | D:2      | Reached XP level 3. HP: 20/24 MP: 3/3
   769 | D:2      | Noticed Terence
   781 | D:2      | Killed Terence
   781 | D:2      | Reached skill level 7 in Slings
   781 | D:2      | Reached skill level 1 in Armour
   781 | D:2      | Reached XP level 4. HP: 27/29 MP: 4/4
  1238 | D:3      | Noticed Natasha
  1267 | D:3      | Killed Natasha
  1378 | D:3      | Noticed Natasha
  1382 | D:3      | Killed Natasha
  1382 | D:3      | Reached skill level 8 in Slings
  1382 | D:3      | Reached XP level 5. HP: 4/34 MP: 5/5
  1395 | D:3      | Noticed Natasha
  1407 | D:3      | Killed from afar by Natasha

Skill      XL: |  1  2  3  4 |
---------------+-------------+-----
Slings         | 6 7 8 |  8.2
Armour         | 1 |  1.3
Fighting       | 2 |  2.1
Dodging        | |  2.5
Stealth        | |  1.3

Action                   |  1- 3 |  4- 6 || total
-------------------------+-------+-------++-------
 Fire: Hunting sling     |    44 |    60 ||   104
  Use: Potion            |       |     3 ||     3
       Scroll            |       |     2 ||     2
  Eat: Ration            |       |     1 ||     1
Armor: Leather armour    |     1 |     3 ||     4
       Skin              |       |    15 ||    15
Dodge: Dodged            |     7 |    10 ||    17
